 Dungeon Crawl Stone Soup version 0.28.0 (webtiles) character file.

Game seed: 3325716123188706011

65 dolemite99 the Chopper (level 3, 0/30 (31) HPs)
             Began as a Minotaur Fighter on Feb 6, 2022.
             Slain by Crazy Yiuf (4 damage)
             ... on level 2 of the Dungeon.
             The game lasted 00:01:01 (1229 turns).

dolemite99 the Chopper (Minotaur Fighter)           Turns: 1229, Time: 00:01:02

HP:   0/30 (31)     AC:  6    Str: 22    XL:     3   Next: 94%
MP:   2/2           EV:  9    Int:  5    God:
Gold: 57            SH:  4    Dex:  9    Spells: 2/2 levels left

rFire   . . .      SeeInvis .   a - +0 war axe
rCold   . . .      Faith    .   c - +0 buckler
rNeg    . . .      Spirit   .   b - +0 scale mail
rPois   .          Reflect  .   (helmet restricted)
rElec   .          Harm     .   (no cloak)
rCorr   .          Rampage  .   (no gloves)
Will    .....                   (no boots)
Stlth   ..........              (no amulet)
HPRegen 0.10/turn               (no ring)
MPRegen 0.08/turn               (no ring)

@: lightly drained
A: horns 2, retaliatory headbutt
a: no special abilities


You were on level 2 of the Dungeon.
You visited 1 branch of the dungeon, and saw 2 of its levels.

You collected 57 gold pieces.

Inventory:

Hand Weapons
 a - a +0 war axe (weapon)
 i - a +0 hunting sling
Missiles
 g - 10 stones (quivered)
Armour
 b - a +0 scale mail (worn)
 c - a +0 buckler (worn)
Scrolls
 f - a scroll of noise {unknown}
 h - 2 scrolls of identify {unknown}
 k - a scroll of teleportation {unknown}
Potions
 d - a potion of might
 e - 2 potions of haste {unknown}
 j - a potion of degeneration {unknown}


   Skills:
 - Level 3.6 Fighting
 + Level 5.2 Axes
 - Level 3.6 Armour
 - Level 3.6 Shields


You had 2 spell levels left.
You didn't know any spells.
Your spell library was empty.

Dungeon Overview and Level Annotations

Branches:
Dungeon (2/15)

Altars:

Annotations:
D:2 Crazy Yiuf


Innate Abilities, Weirdness & Mutations

You have a pair of horns on your head.
You reflexively headbutt those who attack you in melee.


Message History

You throw a stone.
The stone hits the quokka but does no damage.
You barely miss the quokka.
The quokka bites you but does no damage.
You block the quokka's attack.
You closely miss the quokka. You headbutt the quokka.
You kill the quokka!
The adder barely misses you. You furiously retaliate!
You headbutt the adder. You hit the adder.
The adder is heavily wounded.
The adder barely misses you. The adder bites you but does no damage.
You hit the adder. You headbutt the adder.
You kill the adder!
You see here an adder corpse.
No target in view!
No target in view!
You see here an adder corpse.
Key pressed, stopping explore.
Found a mace.
Found a runed translucent door.
Crazy Yiuf shouts!
You open the door. You barely miss Crazy Yiuf.
Crazy Yiuf whimpers, "Ten pizzabubble hand!"
Crazy Yiuf closely misses you.
You barely miss Crazy Yiuf.
Crazy Yiuf hits you with a +4 quarterstaff of chaos.
Crazy Yiuf freezes you.
You slash Crazy Yiuf!
Crazy Yiuf is severely wounded.
Crazy Yiuf hits you with a +4 quarterstaff of chaos!
You hit Crazy Yiuf.
Crazy Yiuf is almost dead.
Crazy Yiuf hits you with a +4 quarterstaff of chaos.
Crazy Yiuf freezes you. You block Crazy Yiuf's attack.
You closely miss Crazy Yiuf. Your headbutt misses Crazy Yiuf.
Crazy Yiuf is almost dead.
Crazy Yiuf hits you with a +4 quarterstaff of chaos!
* * * LOW HITPOINT WARNING * * *
You feel drained.
You die...

#........# ###
#........# ### #..
#........# ..# #.#
#........# #.# #.#
#........# #.# #.#
#........# #######.#
#.# #........# ###
###.#P.#..#####.#
...#######
#...##..#......+.....#
#### ####
#...g@####PP....######
...# #..# #)..###
##.#.....# >..# #.##
### ####....# ...# #.#
###.## ...# #.## #.#
##.# #..# ####.# #.#
#..###############.##.#
###
#..................##.#
#...###########.......#


You could see Crazy Yiuf.

Vanquished Creatures
  An orc wizard (D:2)
  An adder (D:2)
  A dart slug (D:2)
  2 orcs (D:2)
  4 ball pythons
  2 bats
  2 giant cockroaches
  2 goblins
  2 hobgoblins (D:1)
  A kobold (D:2)
  2 quokkas (D:2)
  2 frilled lizards (D:1)
  7 rats
29 creatures vanquished.

Notes
Turn   | Place    | Note
-------+----------+-------------------------------------------
     0 | D:1      | dolemite99 the Minotaur Fighter began the quest for the
                  | Orb.
     0 | D:1      | Reached XP level 1. HP: 19/19 MP: 0/0
   161 | D:1      | Reached skill level 3 in Axes
   239 | D:1      | Reached XP level 2. HP: 25/26 MP: 1/1
   343 | D:1      | You fall into a shaft and drop 1 floor!
   613 | D:2      | Reached skill level 4 in Axes
   613 | D:2      | Reached XP level 3. HP: 31/31 MP: 2/2
   760 | D:2      | Identified the +8 dagger "Silioxus" {vamp, Will+ Int+3}
   861 | D:2      | Reached skill level 5 in Axes
  1220 | D:2      | Found a runed translucent door.
  1221 | D:2      | Noticed Crazy Yiuf
  1229 | D:2      | Slain by Crazy Yiuf

Illustrated notes

Levels and vault maps discovered:
D:1:      minmay_arrival_loop, layout_basic,
          shapermc_ecumenical_altar_flowoftime
D:2:      layout_basic, uniq_crazy_yiuf_cottage

Skill      XL: |  1  2  3 |
---------------+----------+-----
Axes           | 3 4 5 |  5.2
Fighting       | |  3.6
Armour         | |  3.6
Shields        | |  3.6

Action                   || total
-------------------------++-------
Melee: War axe           ||    60
       Headbutt          ||     8
Throw: Stone             ||     7
Armor: Scale mail        ||    28
Dodge: Dodged            ||    29
Block: Buckler           ||    12
